AoeStats
← WARChris

Lombardia

509193751Analyzed
2v2 RM · 5d ago on Sep 25, 2026· 24m 20s· 4 players
Game mode
Random Map
Map size
Medium (4 player)
Population
200
Speed
Normal
Resources
Standard
Victory
Conquest
Starting age
Dark Age
Ending age
Imperial Age
RankedLock teamsTeams togetherTeam positionsShared explorationLock speedFull tech treeHidden civsTurbo modeCheats
Victory
Defeat
🇩🇪 Georgians · Germany
1767
+12
🇩🇪 Persians · Germany
1759
+13
🇪🇸 Tatars · Spain
1729
-14
🇪🇸 Franks · Spain
1641
-11
Tales de Paleto
6:21 Loom
8:57 Feudal Age
9:30 Double-Bit Axe
19:57 Castle Age
18:15 Gold Mining
20:18 Scale Barding Armor
20:58 Husbandry
21:20 Chain Barding Armor
MariaPita
6:38 Loom
7:04 Loom
9:16 Feudal Age
12:05 Fletching
21:50 Castle Age
20:20 Padded Archer Armor
20:58 Gold Mining
21:52 Crossbowman
22:27 Bodkin Arrow
24:18 Ballistics
Lukas_AoE
8:14 Loom
10:34 Feudal Age
16:15 Castle Age
15:47 Fletching
20:37 Bodkin Arrow
22:28 Padded Archer Armor
24:49 Ballistics
25:33 Wheelbarrow
WARChris
8:30 Feudal Age
8:49 Loom
12:41 Scale Barding Armor
14:23 Forging
20:16 Wheelbarrow
23:59 Castle Age
22:31 Bloodlines
23:31 Gold Mining
Connection lost

Rejoining the realm…

Still unreachable

The connection could not be restored.

Session expired

The server has moved on; the page needs a fresh start.